[Event "*** Titled Tuesday Blitz"]
[Site "Chess.com"]
[Date "2021.03.09"]
[Round "7"]
[White "ckgchess"]
[Black "Frogo47"]
[Result "1-0"]
[WhiteElo "2759"]
[BlackElo "2535"]
[TimeControl "180+1"]
[EndTime "11:20:32 PST"]
[Termination "ckgchess won on time"]

1. d4 Nf6 2. Nf3 g6 3. g3 Bg7 4. Bg2 O-O 5. O-O d6 6. c4 Nbd7 7. Nc3 e5 8. Qc2 Re8 9. Rd1 c6 10. b3 Qe7 11. Ba3 e4 12. Ne5 e3 13. f4 Qe6 14. d5 cxd5 15. cxd5 Qe7 16. Nc4 Nc5 17. Nxd6 Qxd6 18. Nb5 Qa6 19. Qxc5 Nd7 20. Qb4 Bxa1 21. Rxa1 Nf6 22. Bb2 Bd7 23. a4 Rac8 24. Qd4 Kg7 25. d6 Re6 26. g4 Rc2 27. f5 Bxb5 28. fxe6 Rxb2 29. Qxb2 1-0

[Event "*** Titled Tuesday Blitz"]
[Site "Chess.com"]
[Date "2021.03.09"]
[Round "7"]
[White "Eltaj_Safarli"]
[Black "GregShahade"]
[Result "1-0"]
[WhiteElo "2904"]
[BlackElo "2753"]
[TimeControl "180+1"]
[EndTime "11:20:36 PST"]
[Termination "Eltaj_Safarli won by resignation"]

1. e4 e5 2. Nf3 Nc6 3. Nc3 Nf6 4. a3 d5 5. Bb5 Nxe4 6. Qe2 Qd6 7. Nxe4 dxe4 8. Qxe4 Bd7 9. d4 f5 10. Qe2 e4 11. Bxc6 Bxc6 12. Ne5 Qe6 13. Bg5 Bd6 14.
Qh5+ g6 15. Qh6 Bf8 16. Qh4 Bg7 17. O-O-O O-O 18. Bh6 Bf6 19. Qg3 Bg7 20. Bxg7 Kxg7 21. h4 f4 22. Qc3 Qd5 23. h5 g5 24. h6+ Kg8 25. Rh5 Rf5 26. g4 fxg3 27. Qxg3 Qd8 28. Rg1 Be8 29. Rxg5+ Qxg5+ 30. Qxg5+ Rxg5 31. Rxg5+ Kh8 32.
Rg7 Rc8 33. Kd2 Bh5 34. Ke3 b6 35. d5 Re8 36. Kxe4 Bg6+ 37. Kd4 Bh5 38. c4 Rd8 39. Rxc7 b5 40. c5 a5 41. d6 b4 42. axb4 axb4 43.
d7 b3 44. Rc8 Be8 45. Nf7+ Bxf7 46. Rxd8+ Bg8 47. Rxg8+ Kxg8 48. d8=Q+ 1-0

[Event "*** Titled Tuesday Blitz"]
[Site "Chess.com"]
[Date "2021.03.09"]
[Round "7"]
[White "ecwinslow"]
[Black "thisunaa"]
[Result "1-0"]
[WhiteElo "2214"]
[BlackElo "1984"]
[TimeControl "180+1"]
[EndTime "11:20:37 PST"]
[Termination "ecwinslow won by checkmate"]

1. e4 c5 2. Nf3 d6 3. d4 cxd4 4. Nxd4 Nf6 5. Nc3 g6 6. Be3 Bg7 7. f3 O-O 8. Qd2 Nc6 9. O-O-O Bd7 10. Kb1 Rc8 11. g4 Nxd4 12. Bxd4 b5 13. h4 b4 14. Nd5 Nxd5 15. Bxg7 Kxg7 16. exd5 h6 17. Qxb4 Qc7 18. Bd3 Qc5 19. Qe4 Rfe8 20. h5 f5 21. gxf5 Bxf5 22. Qe2 Rf8 23. hxg6 Bxd3 24. Qxd3 Rf4 25. Rde1 Rc7 26. Qd2 Rf6 27. Qxh6+ Kg8 28. Qh8# 1-0

[Event "*** Titled Tuesday Blitz"]
[Site "Chess.com"]
[Date "2021.03.09"]
[Round "7"]
[White "kuli4ik"]
[Black "PavelShkapenko"]
[Result "1-0"]
[WhiteElo "2901"]
[BlackElo "2708"]
[TimeControl "180+1"]
[EndTime "11:20:38 PST"]
[Termination "kuli4ik won by resignation"]

1. Nf3 Nf6 2. g3 d5 3. Bg2 c6 4.
O-O Bg4 5. Ne5 Bh5 6. d4 Nbd7 7. c4 e6 8. Nc3 Be7 9. Qb3 Qb6 10. Nxd7 Nxd7 11. e4 dxe4 12. Nxe4 O-O 13. Be3 Nf6 14.
Nc5 Bxc5 15. dxc5 Qxb3 16. axb3 a6 17. h3 Rad8 18. b4 Bg6 19. Rfc1 Be4 20. Bf1 Bd3 21. Bg2 Be4 22. f3 Bd3 23. Kf2 e5 24. Rc3 Rd7 25.
g4 Rfd8 26. Rd1 Ne8 27. f4 e4 28. f5 h6 29. Bf4 Kf8 30. Ke3 Re7 31. Rd2 Rdd7 32.
Rc1 Nf6 33. Bd6 Ke8 34. Bxe7 Kxe7 35. Bf1 Bxf1 36. Rxf1 Rxd2 37. Kxd2 g5 38. Ke3 h5 39. gxh5 Nxh5 40. Rg1 Nf4 41. Rxg5 Nxh3 42. Rg3 1-0

[Event "*** Titled Tuesday Blitz"]
[Site "Chess.com"]
[Date "2021.03.09"]
[Round "7"]
[White "Snegokhod"]
[Black "jraosam"]
[Result "1-0"]
[WhiteElo "2551"]
[BlackElo "1920"]
[TimeControl "180+1"]
[EndTime "11:20:40 PST"]
[Termination "Snegokhod won on time"]

1. e4 e6 2. d3 d5 3. Nd2 c5 4. Ngf3 dxe4 5. dxe4 Nc6 6. Bb5 Bd7 7. O-O Qc7 8. Qe2 a6 9. Bxc6 Bxc6 10. Nc4 Nf6 11. e5 Nd5 12. Bg5 b5 13. Ne3 Be7 14. Bxe7 Nf4 15.
Qd2 Kxe7 16. Nf5+ exf5 17. Qxf4 Rhe8 18. Qxf5 g6 19. Qf6+ Kf8 20. Ng5 Kg8 21. e6 fxe6 22.
Rfe1 Bd5 23. a4 Qe7 24. Qxe7 Rxe7 25. axb5 axb5 26. Rxa8+ Bxa8 27. Rxe6 Rd7 28. f3 Bd5 29. Rb6 Bc4 30. b3 Rd1+ 31. Kf2 Rf1+ 32. Kg3 Be2 33. Rb7 Rc1 34. Nxh7 Rxc2 35. Nf6+ Kf8 36. Kg4 1-0

[Event "*** Titled Tuesday Blitz"]
[Site "Chess.com"]
[Date "2021.03.09"]
[Round "7"]
[White "MillyNeuf"]
[Black "beautroll"]
[Result "0-1"]
[WhiteElo "2288"]
[BlackElo "2447"]
[TimeControl "180+1"]
[EndTime "11:20:41 PST"]
[Termination "beautroll won on time"]

1. d4 Nf6 2. Bf4 c5 3. e3 g6 4.
c3 Bg7 5. dxc5 Nc6 6. Nf3 O-O 7.
Bd3 Re8 8. Ne5 Nh5 9. Nxc6 bxc6 10. Bg3 e5 11. Nd2 f5 12. Qb3+ Kh8 13. f3 Qg5 14. O-O-O Qxe3 15. Bc2 Qxc5 16. Rhe1 d5 17. c4 d4 18. Bf2 Be6 19. Qa4 Rab8 20. a3 Nf4 21. b3 Nxg2 22. Rg1 Nf4 23. b4 Qd6 24. c5 Qc7 25.
Bg3 Ne2+ 26. Kb1 Nc3+ 0-1

[Event "*** Titled Tuesday Blitz"]
[Site "Chess.com"]
[Date "2021.03.09"]
[Round "7"]
[White "grandcoach"]
[Black "IljaJoke"]
[Result "0-1"]
[WhiteElo "2259"]
[BlackElo "2476"]
[TimeControl "180+1"]
[EndTime "11:20:42 PST"]
[Termination "IljaJoke won on time"]

1. e4 c5 2. b4 cxb4 3. a3 d5 4. exd5 Qxd5 5. Bb2 e5 6. Nf3 Nc6 7.
c4 Qd6 8. axb4 Qxb4 9. Bxe5 Nxe5 10. Nxe5 Nf6 11. Nc3 Bd6 12. Rb1 Qa5 13. Rb5 Qc7 14. d4 a6 15. Rb2 O-O 16. Be2 Bxe5 17. dxe5 Qxe5 18. Qb3 b5 19. cxb5 axb5 20. O-O Be6 21. Qb4 Bc4 22. Re1 Rab8 23. Kf1 Bxe2+ 24. Rexe2 Qxh2 0-1

[Event "*** Titled Tuesday Blitz"]
[Site "Chess.com"]
[Date "2021.03.09"]
[Round "7"]
[White "Pantata007"]
[Black "suneebaker"]
[Result "0-1"]
[WhiteElo "2292"]
[BlackElo "2222"]
[TimeControl "180+1"]
[EndTime "11:20:43 PST"]
[Termination "suneebaker won on time"]

1. d4 Nf6 2. c4 e6 3. Nc3 Bb4 4. e3 d5 5. a3 Bxc3+ 6. bxc3 c5 7. Bd3 Nc6 8. cxd5 exd5 9. Ne2 O-O 10. O-O Re8 11.
Ng3 Ne4 12. Qc2 Qe7 13. a4 c4 14. Bxe4 dxe4 15. Ba3 Qh4 16. Rab1 b6 17. Rb5 g6 18. Bc1 Bb7 19. f3 Na5 20. d5 a6 21. Rxb6 Bxd5 22. fxe4 Bxe4 23. Qf2 Rf8 24. Qf6 Bd3 0-1

[Event "*** Titled Tuesday Blitz"]
[Site "Chess.com"]
[Date "2021.03.09"]
[Round "7"]
[White "Etud-otradnoe"]
[Black "Milchone1"]
[Result "0-1"]
[WhiteElo "2310"]
[BlackElo "2525"]
[TimeControl "180+1"]
[EndTime "11:20:44 PST"]
[Termination "Milchone1 won by resignation"]

1. e4 e5 2. Nf3 Nc6 3. Bb5 Nge7 4. O-O a6 5. Ba4 g6 6. d4 exd4 7. Bg5 Bg7 8. e5 h6 9. Bf6 O-O 10. Bxc6 dxc6 11. Qxd4 Qxd4 12. Nxd4 Bxf6 13. exf6 Nd5 14.
Re1 Nxf6 15. Re7 Nd5 16. Re1 c5 17. Nb3 b6 18. a3 Bf5 19. c3 a5 20. a4 Rfe8 21. N1d2 Nf4 22. g3 Nd3 23. Rxe8+ Rxe8 24. Nc4 Be6 25. Nbd2 Bxc4 26. Nxc4 Re2 27. Rd1 Nxb2 28. Nxb2 Rxb2 29. Rd7 Ra2 30. Rxc7 Rxa4 31. Rb7 Rc4 32. Rxb6 Rxc3 33. Ra6 Ra3 34. Rc6 Ra1+ 35. Kg2 a4 36. Rxc5 a3 37. h4 h5 38. Ra5 Kf8 39. Ra7 Kg7 40.
Kf3 Kf6 41. Kg2 Ke6 42. Kf3 f6 43. Ke3 Kd5 44. Kf4 Kc4 45. Ra6 Kb5 46. Ra8 Kb4 47. Rb8+ Kc3 48. Rb6 Rf1 49. Ke3 a2 50. Ra6 a1=Q 0-1

[Event "*** Titled Tuesday Blitz"]
[Site "Chess.com"]
[Date "2021.03.09"]
[Round "7"]
[White "AlphaZ3r0"]
[Black "Joseacorrea"]
[Result "1-0"]
[WhiteElo "2255"]
[BlackElo "2084"]
[TimeControl "180+1"]
[EndTime "11:20:44 PST"]
[Termination "AlphaZ3r0 won on time"]

1. g3 g6 2. Bg2 Bg7 3. c4 Nf6 4.
Nf3 O-O 5. O-O d6 6. Nc3 Nbd7 7. Rb1 c6 8. b4 Re8 9. b5 c5 10. Bb2 Rb8 11. d4 b6 12. e4 Bb7 13. d5 a6 14.
bxa6 Bxa6 15. Qe2 e6 16. dxe6 Rxe6 17. Rfd1 h6 18. Bh3 Qe7 19. Bxe6 Qxe6 20. Nd2 Ne5 21. Nb5 Bxb5 22. cxb5 Qh3 23. Bxe5 Ng4 24. Nf3 Bxe5 25. Qf1 Qh5 26. h3 Nf6 27. g4 Nxg4 28. hxg4 Qxg4+ 29. Qg2 Qxe4 30. Re1 Qf5 31. Nxe5 dxe5 32. Rbd1 Ra8 33. Qxa8+ 1-0

[Event "*** Titled Tuesday Blitz"]
[Site "Chess.com"]
[Date "2021.03.09"]
[Round "7"]
[White "HanSchut"]
[Black "dosto07"]
[Result "1-0"]
[WhiteElo "2222"]
[BlackElo "2312"]
[TimeControl "180+1"]
[EndTime "11:20:45 PST"]
[Termination "HanSchut won by resignation"]

1. e4 e5 2. Nf3 Nc6 3. Bc4 Bc5 4.
b4 Bb6 5. a4 a6 6. Nc3 Nf6 7.
Nd5 d6 8. d3 Nxd5 9. exd5 Nd4 10. c3 Nxf3+ 11. Qxf3 O-O 12. O-O f5 13. Be3 Qf6 14.
Bxb6 cxb6 15. Qe3 Qd8 16. f4 Re8 17. Rae1 Bd7 18. fxe5 Rxe5 19. Qf2 Rxe1 20. Rxe1 Kh8 21. Bb3 Rc8 22. c4 a5 23. b5 h6 24. Bd1 Rc5 25. Bh5 Qf6 26. Be8 Bxe8 27. Rxe8+ Kh7 28. Re6 Qf8 29. g4 f4 30. Qf3 Rc7 31. Qe4+ Kh8 32. Re8 Rf7 33. Rxf8+ Rxf8 34. Qe7 Kg8 35. Qxd6 f3 36.
Kf2 1-0

[Event "*** Titled Tuesday Blitz"]
[Site "Chess.com"]
[Date "2021.03.09"]
[Round "7"]
[White "bakki78"]
[Black "anon481216"]
[Result "1-0"]
[WhiteElo "2782"]
[BlackElo "2529"]
[TimeControl "180+1"]
[EndTime "11:20:46 PST"]
[Termination "bakki78 won by resignation"]

1. e4 c5 2. Nf3 e6 3. g3 d5 4.
exd5 exd5 5. d4 Nc6 6. Bg2 Bg4 7. O-O cxd4 8. h3 Bxf3 9. Qxf3 Nf6 10. Bg5 Be7 11.
Bxf6 Bxf6 12. Re1+ Kf8 13. Nd2 g6 14. Qxd5 Qxd5 15. Bxd5 Kg7 16. Ne4 Rhd8 17. Bb3 Be7 18. Nd2 Bb4 19. Red1 Bxd2 20. Rxd2 Rd6 21. Rad1 Rad8 22.
Kg2 f5 23. Bc4 Kf6 24. Be2 Nb4 25. c3 Nxa2 26. Bc4 dxc3 27. Rxd6+ Rxd6 28. Rxd6+ Ke5 29. Re6+ Kd4 30. Bxa2 c2 31. Re1 Kd3 32. Kf1 Kd2 33. Re2+ Kd3 34. Bc4+ 1-0

[Event "*** Titled Tuesday Blitz"]
[Site "Chess.com"]
[Date "2021.03.09"]
[Round "7"]
[White "03revilo"]
[Black "Koalaskakistis"]
[Result "1-0"]
[WhiteElo "2329"]
[BlackElo "2528"]
[TimeControl "180+1"]
[EndTime "11:20:47 PST"]
[Termination "03revilo won by checkmate"]

1. c4 Nf6 2. Nc3 g6 3. Nf3 Bg7 4. g3 O-O 5. Bg2 d6 6. O-O e5 7.
d4 exd4 8. Nxd4 Re8 9. b3 c6 10. Bb2 Qc7 11. Qc2 Nbd7 12. Rad1 a5 13. h3 Nc5 14. Rfe1 Nfd7 15. e4 h5 16. f4 h4 17. g4 d5 18. e5 dxc4 19. bxc4 Nb6 20. Ne4 Nxe4 21. Bxe4 g5 22. Nf5 Bxf5 23. gxf5 gxf4 24.
f6 Bh6 25. Kh1 Kh8 26. Qf2 Bg5 27. Rg1 Rxe5 28. Rxg5 Rxg5 29. Qxh4+ Kg8 30. Qxg5+ Kf8 31. Qg7+ Ke8 32. Qg8# 1-0

[Event "*** Titled Tuesday Blitz"]
[Site "Chess.com"]
[Date "2021.03.09"]
[Round "7"]
[White "jens1102"]
[Black "Skatchkov_V"]
[Result "0-1"]
[WhiteElo "2444"]
[BlackElo "2627"]
[TimeControl "180+1"]
[EndTime "11:20:49 PST"]
[Termination "Skatchkov_V won by resignation"]

1. e4 e5 2. Nf3 d5 3. exd5 e4 4. Nd4 Qxd5 5. Nb3 Qe5 6. Nc3 Bd6 7. g3 Nf6 8. h3 Nc6 9. Bg2 h5 10. Qe2 Bf5 11. Nb5 O-O-O 12. Nxd6+ Rxd6 13. O-O h4 14. g4 Nxg4 15. hxg4 h3 16. d4 Qe7 17. Bf4 hxg2 18.
Kxg2 Rg6 19. Rh1 Rxh1 20. Rxh1 Bxg4 21. Rh8+ Kd7 22. Qe3 b6 23. d5 Ne5 24. Bg3 Bf3+ 25. Kg1 Qb4 26. c3 Qc4 27. Qf4 Qxd5 28. Qf5+ Qe6 29. Qxe6+ Kxe6 30. Nd4+ Kd7 31. Nxf3 Nxf3+ 32. Kg2 f5 33. Rf8 Ke7 34. Rc8 f4 35. Rxc7+ Kd6 36. Rxa7 fxg3 37. fxg3 Ne5 38. a4 e3 39. a5 Rf6 40.
axb6 Rf2+ 41. Kh3 Rxb2 42. Rxg7 e2 43. b7 0-1

[Event "*** Titled Tuesday Blitz"]
[Site "Chess.com"]
[Date "2021.03.09"]
[Round "7"]
[White "BillieKimbah"]
[Black "Aygehovit1992"]
[Result "1-0"]
[WhiteElo "2869"]
[BlackElo "2642"]
[TimeControl "180+1"]
[EndTime "11:20:51 PST"]
[Termination "BillieKimbah won by checkmate"]

1. Nf3 Nf6 2. g3 g6 3. Bg2 Bg7 4. O-O O-O 5. d4 d5 6. c3 Bf5 7. a4 Nbd7 8. Nh4 Be4 9. Bh3 c5 10. Na3 cxd4 11. cxd4 e6 12. f3 Bf5 13. g4 Nxg4 14. Nxf5 gxf5 15. fxg4 Qh4 16. Bg2 fxg4 17. Bf4 Rac8 18. e3 f5 19. Nb5 Bh6 20. Nxa7 Bxf4 21. exf4 Rc4 22. Nb5 Nf6 23. b3 Rc6 24. Qe1 Qh6 25. Na7 Rd6 26. Nb5 Rc6 27. Qe5 Ne4 28. Rac1 Rxc1 29. Rxc1 Re8 30. Rc7 g3 31. hxg3 Nxg3 32.
Nd6 Rf8 33. Rxb7 Qxf4 34. Qg7# 1-0

[Event "*** Titled Tuesday Blitz"]
[Site "Chess.com"]
[Date "2021.03.09"]
[Round "7"]
[White "arminmusovic"]
[Black "ajdemipopushi"]
[Result "0-1"]
[WhiteElo "2492"]
[BlackElo "2383"]
[TimeControl "180+1"]
[EndTime "11:20:51 PST"]
[Termination "ajdemipopushi won by resignation"]

1. a3 g6 2. Nc3 Bg7 3. e4 c5 4. Bc4 Nc6 5. Ba2 e6 6. d3 Nge7 7. Bg5 h6 8. Bh4 O-O 9. Nge2 b6 10. O-O d6 11. f4 Qd7 12. h3 Bb7 13. Qd2 Rac8 14.
Rf2 Nd4 15. Kh1 Rfe8 16. Raf1 d5 17. Ng1 f5 18. Qe3 b5 19. Bxe7 Rxe7 20. Qg3 Kh7 21. Qh4 b4 22. exd5 bxc3 23. dxe6 Nxe6 24. bxc3 Bxc3 25.
Nf3 Kg7 26. Re2 Bf6 27. Qe1 Nd4 28. Nxd4 cxd4 29. Be6 Qe8 30. Qb4 Bxg2+ 31. Rxg2 Rxe6 32. Rfg1 Be7 33. Qxd4+ Kf7 34. Qd5 Qc6 35. Qd4 Rc7 36. c4 Rd7 37. Qh8 Bf8 38. d4 Bg7 39. Qh7 Rxd4 40.
c5 Rd2 41. h4 Ree2 42. h5 Rxg2 0-1

[Event "*** Titled Tuesday Blitz"]
[Site "Chess.com"]
[Date "2021.03.09"]
[Round "7"]
[White "mariofs"]
[Black "Grineva_Marianna"]
[Result "0-1"]
[WhiteElo "2190"]
[BlackElo "2284"]
[TimeControl "180+1"]
[EndTime "11:20:51 PST"]
[Termination "Grineva_Marianna won by checkmate"]

1. d4 d6 2. Nf3 c6 3. Bf4 Nd7 4.
c3 h6 5. h3 g5 6. Bh2 Bg7 7.
e3 Nf8 8. Bc4 Ng6 9. Nbd2 b5 10.
Bb3 g4 11. hxg4 Bxg4 12. Qc2 Nf6 13. a4 a5 14. Bg3 h5 15. Nh4 Nxh4 16. Bxh4 Qd7 17.
Ne4 Bf5 18. Nxf6+ Bxf6 19. e4 Bg6 20. Bxf6 exf6 21. axb5 cxb5 22. Bd5 Ra7 23. O-O O-O 24. Qe2 Kg7 25. f4 f5 26. Rae1 Rh8 27. exf5 Qxf5 28.
Be4 Qxe4 29. Qxe4 Bxe4 30. Rxe4 Kf6 31. Ra1 Rg8 32. Kf2 Kf5 33. Kf3 h4 34. Rae1 Rg3+ 35. Kf2 b4 36. cxb4 axb4 37. Re7 Rxe7 38. Rxe7 f6 39.
d5 Rb3 40. Re6 Rxb2+ 41. Kg1 Rd2 42. Rxd6 b3 43. Rb6 b2 44. Kh2 Kg4 45. Kg1 Rd1+ 46. Kh2 b1=Q 47. Rxb1 Rxb1 48. d6 Rd1 49. f5 Rxd6 50.
Kh1 Kg3 51. Kg1 Rd1# 0-1

[Event "*** Titled Tuesday Blitz"]
[Site "Chess.com"]
[Date "2021.03.09"]
[Round "7"]
[White "Natalya_Buksa"]
[Black "alexrustemov"]
[Result "0-1"]
[WhiteElo "2532"]
[BlackElo "2758"]
[TimeControl "180+1"]
[EndTime "11:20:53 PST"]
[Termination "alexrustemov won on time"]

1. e4 e6 2. d4 d5 3. Nd2 c5 4. Ngf3 Nf6 5. e5 Nfd7 6. c3 b6 7. Bd3 Ba6 8. Qe2 Bxd3 9. Qxd3 Nc6 10. O-O Be7 11. Ne1 Rc8 12. Kh1 O-O 13. f4 cxd4 14. cxd4 Nb4 15. Qb3 Qc7 16. Ndf3 Nc2 17. Nxc2 Qxc2 18. Qe3 Rc6 19. h3 Rfc8 20. Kh2 b5 21.
Rf2 Qe4 22. Bd2 Rc2 23. b3 Ba3 24. Re1 Rxa2 25. Qe2 Qxe2 26. Rfxe2 Rcc2 27. Kg3 Bb4 28. Bxb4 Rxe2 29. Rc1 Rxg2+ 30. Kh4 Rgc2 31. Rg1 a5 32. Bd6 h6 33. Be7 Kh7 0-1

[Event "*** Titled Tuesday Blitz"]
[Site "Chess.com"]
[Date "2021.03.09"]
[Round "7"]
[White "Handszar"]
[Black "hypert"]
[Result "0-1"]
[WhiteElo "2371"]
[BlackElo "2508"]
[TimeControl "180+1"]
[EndTime "11:20:53 PST"]
[Termination "hypert won on time"]

1. e4 c5 2. Nf3 Nc6 3. Bb5 e6 4. O-O Nge7 5. d4 cxd4 6. Nxd4 a6 7. Be2 Nxd4 8. Qxd4 Nc6 9. Qc3 b5 10. Qg3 h5 11. h4 Bb7 12. Bg5 Qb6 13. Nc3 Bc5 14.
Rad1 Bd4 15. Rd2 Be5 16. Bf4 Qc7 17. Bxe5 Qxe5 18. f4 Qc5+ 19. Kh2 g6 20. Rfd1 O-O-O 21. e5 Ne7 22. Bd3 Nf5 23. Qe1 Ne3 24. b4 Qb6 25.
Ra1 Qd4 26. Ne2 Ng4+ 27. Kh1 Qe3 0-1

[Event "*** Titled Tuesday Blitz"]
[Site "Chess.com"]
[Date "2021.03.09"]
[Round "7"]
[White "Onischuk_V"]
[Black "jefferyx"]
[Result "0-1"]
[WhiteElo "2828"]
[BlackElo "3016"]
[TimeControl "180+1"]
[EndTime "11:20:55 PST"]
[Termination "jefferyx won by resignation"]

1. Nf3 d5 2. g3 Nd7 3. Bg2 e5 4. O-O Bd6 5. d3 c6 6. Nc3 Ne7 7. e4 d4 8. Ne2 O-O 9. Nd2 c5 10. f4 f6 11. a4 Nc6 12. Bh3 Nb6 13. Bxc8 Rxc8 14. b3 exf4 15. Nxf4 Bxf4 16. Rxf4 Nd7 17. Nc4 Nde5 18. Rf5 Qd7 19. Bd2 b6 20. Qe2 Rce8 21.
Nxe5 Rxe5 22. Raf1 Rxf5 23. Rxf5 g6 24. Rd5 Qe6 25. Bf4 Rd8 26. Qf3 h5 27. Kg2 Kg7 28. h3 Qe7 29. g4 g5 30. Bg3 h4 31. Bh2 Rxd5 32. exd5 Nb4 33. d6 Qd7 34. Qe2 Kf7 35. Kf2 Qe6 36. Qf3 Nxc2 37. Qb7+ Kg6 38. d7 Qe1+ 39.
Kf3 Qf1+ 0-1

[Event "*** Titled Tuesday Blitz"]
[Site "Chess.com"]
[Date "2021.03.09"]
[Round "7"]
[White "Trankuilizer"]
[Black "Nemsko"]
[Result "1-0"]
[WhiteElo "2585"]
[BlackElo "2302"]
[TimeControl "180+1"]
[EndTime "11:20:56 PST"]
[Termination "Trankuilizer won by resignation"]

1. e4 e5 2. Nf3 Nc6 3. Bc4 Bc5 4. c3 Nf6 5. d3 a6 6. Nbd2 Ba7 7. O-O O-O 8. h3 d6 9. Bb3 Ne7 10. Re1 Ng6 11.
Nf1 h6 12. Ng3 Be6 13. d4 Bxb3 14. axb3 Re8 15. Be3 c6 16. Qd2 exd4 17. Bxd4 Bxd4 18. cxd4 Qb6 19. Re3 Nf4 20. Rae1 Rad8 21. Nf5 Ng6 22. g3 Qc7 23. Kg2 Qc8 24. N3h4 Nxh4+ 25. Nxh4 Re6 26.
f4 Rde8 27. e5 Nd5 28. Rf3 dxe5 29. fxe5 Ne7 30. Ref1 Rf8 31. Qf2 Qe8 32. g4 Nd5 33.
Nf5 c5 34. Nd6 Qc6 35. Kh2 cxd4 36. Rxf7 Rxf7 37. Qxf7+ Kh8 38. Qxe6 Ne3 39. Rf8+ Kh7 40. Qg8+ Kg6 41. Rf6+ Kg5 42. Qxg7+ 1-0

[Event "*** Titled Tuesday Blitz"]
[Site "Chess.com"]
[Date "2021.03.09"]
[Round "7"]
[White "Rakesh"]
[Black "lucachess49"]
[Result "1-0"]
[WhiteElo "2521"]
[BlackElo "2391"]
[TimeControl "180+1"]
[EndTime "11:20:56 PST"]
[Termination "Rakesh won on time"]

1. e4 e5 2. Nf3 Nc6 3. d4 exd4 4. Nxd4 Nf6 5. Nc3 Bb4 6. Nxc6 bxc6 7. Bd3 d5 8. exd5 cxd5 9. O-O O-O 10. Bg5 c6 11. Qf3 h6 12. Bxf6 Qxf6 13. Qxf6 gxf6 14. Ne2 Re8 15.
Nd4 Bb7 16. Nf5 Bf8 17. Rae1 c5 18. c3 Re5 19. f4 Re6 20. Rd1 Rae8 21. Rf3 c4 22.
Rg3+ Kh8 23. Bf1 Bc5+ 24. Nd4 Re4 25. Rf3 Bc8 26. h3 Bxd4+ 27. Rxd4 Rxd4 28. cxd4 Re4 29. Ra3 a6 30. b3 Rxd4 31. bxc4 dxc4 32. g3 Rd1 33. Kf2 Rc1 34. g4 h5 35. Be2 hxg4 36.
hxg4 Kg7 37. Ke3 f5 38. g5 Kg6 39. Ra4 c3 40. Rc4 Be6 41. Rc6 Rc2 42. a4 Ra2 43. Bxa6 Rxa4 44. Bd3 Ra3 45. Kd4 Ra4+ 46. Ke5 Ra5+ 47.
Kd4 Ra4+ 48. Ke3 Ra3 49. Bc4 Ra8 50. Bxe6 Re8 51. Rxc3 Rxe6+ 52. Kf3 Ra6 53. Rb3 Rb6 54. Rxb6+ 1-0

[Event "*** Titled Tuesday Blitz"]
[Site "Chess.com"]
[Date "2021.03.09"]
[Round "7"]
[White "CSB7"]
[Black "Vanina1989"]
[Result "1-0"]
[WhiteElo "2605"]
[BlackElo "2735"]
[TimeControl "180+1"]
[EndTime "11:20:57 PST"]
[Termination "CSB7 won on time"]

1. e4 c6 2. Nc3 d5 3. Nf3 dxe4 4. Nxe4 Nf6 5. Qe2 Nxe4 6. Qxe4 Nd7 7. Bc4 Nf6 8. Ne5 e6 9. Qe2 b5 10. Bd3 Qc7 11. b3 Nd5 12. g3 Nb4 13. Bb2 Nxd3+ 14. cxd3 Bb7 15. Rc1 c5 16. O-O a6 17. d4 Qb6 18. Rfe1 cxd4 19. Qg4 Rd8 20. Qf4 f6 21. Nc6 e5 22. Rxe5+ fxe5 23. Qxe5+ Kd7 24. Qd5+ Kc8 25. Nxd8+ Kb8 26. Nxb7 Qxb7 27. Qd8+ 1-0

[Event "*** Titled Tuesday Blitz"]
[Site "Chess.com"]
[Date "2021.03.09"]
[Round "7"]
[White "deribas12345"]
[Black "AsaHoffmann"]
[Result "0-1"]
[WhiteElo "2524"]
[BlackElo "2419"]
[TimeControl "180+1"]
[EndTime "11:20:57 PST"]
[Termination "AsaHoffmann won by resignation"]

1. d4 Nf6 2. c4 c5 3. d5 e5 4. Nc3 d6 5. e4 Be7 6. Nge2 Nbd7 7. Ng3 g6 8. Be2 h5 9. O-O h4 10. Nh1 Nh5 11. g3 Bg5 12. f4 hxg3 13. fxg5 gxh2+ 14. Kf2 Nf4 15. Bxf4 exf4 16. e5 Qxg5 17. Bf3 Nxe5 18. Ne4 Qh4+ 19. Ke2 Ke7 20. b4 Bh3 21. bxc5 Bxf1+ 22. Qxf1 dxc5 23. d6+ Kf8 24. Rd1 g5 25. Rd5 Nc6 26.
Rxg5 Re8 27. Rd5 Nd4+ 28. Kd3 f5 29. d7 fxe4+ 30. Bxe4 Qh3+ 31. Qxh3 Rxh3+ 32. Kd2 Rd8 33. Bg2 Rh7 34. Rxc5 Rhxd7 35. Bd5 b6 0-1

[Event "*** Titled Tuesday Blitz"]
[Site "Chess.com"]
[Date "2021.03.09"]
[Round "7"]
[White "jacky72"]
[Black "GOGIEFF"]
[Result "0-1"]
[WhiteElo "2728"]
[BlackElo "2885"]
[TimeControl "180+1"]
[EndTime "11:20:58 PST"]
[Termination "GOGIEFF won on time"]

1. d4 Nf6 2. c4 g6 3. Nc3 Bg7 4. e4 d6 5. Be2 O-O 6. Bg5 Na6 7. Nf3 e5 8. O-O h6 9. Bh4 Qe8 10. Re1 Nh5 11. Qd2 g5 12. Bg3 g4 13. Nh4 exd4 14.
Nb5 Nxg3 15. hxg3 Qe5 16. Nf5 Bxf5 17. exf5 Qxf5 18. Nxd4 Qf6 19. Nb5 h5 20. b4 Rfe8 21. Bd3 Kf8 22. Bc2 Bh6 23. Qd3 Nxb4 24. Qb3 Bd2 25. Rxe8+ Rxe8 26. Rd1 Re2 27. Rf1 Be1 28.
Nxc7 Bxf2+ 29. Kh2 Nxc2 30. Nd5 Qe5 0-1

[Event "*** Titled Tuesday Blitz"]
[Site "Chess.com"]
[Date "2021.03.09"]
[Round "7"]
[White "TheCavemanChesss"]
[Black "DenLaz"]
[Result "0-1"]
[WhiteElo "2581"]
[BlackElo "2832"]
[TimeControl "180+1"]
[EndTime "11:20:59 PST"]
[Termination "DenLaz won on time"]

1. e4 e5 2. Nf3 Nc6 3. Bc4 Bc5 4. c3 Nf6 5. d4 exd4 6. e5 d5 7. Bb5 Ne4 8. cxd4 Bb6 9. Nc3 O-O 10. Be3 Bg4 11.
h3 Bh5 12. Qc2 f5 13. Nxd5 Ba5+ 14. Kf1 Bxf3 15. gxf3 Nxd4 16. Bxd4 Nd2+ 17. Qxd2 Bxd2 18. Bc4 Kh8 19. Rd1 c6 20. Rxd2 cxd5 21. Bb3 Qa5 22. Bc3 Qa6+ 23. Ke1 Rad8 24. Rg1 Qe6 25. f4 Qh6 26.
Rg3 Rfe8 27. Rd4 b5 28. Bd2 Qb6 29. Rgd3 a5 30. Be3 Qg6 31. Rxd5 Rxd5 32. Bxd5 h6 33. Bf3 Qf7 34. Bd5 Qc7 35. Rc3 Qe7 36. Bc5 Qh4 37. Rf3 Rd8 0-1

[Event "*** Titled Tuesday Blitz"]
[Site "Chess.com"]
[Date "2021.03.09"]
[Round "7"]
[White "bogcsab"]
[Black "manikoloz"]
[Result "0-1"]
[WhiteElo "2152"]
[BlackElo "2383"]
[TimeControl "180+1"]
[EndTime "11:21:01 PST"]
[Termination "manikoloz won by checkmate"]

1. d4 d6 2. c4 e5 3. dxe5 dxe5 4. Qxd8+ Kxd8 5. Nf3 f6 6. Nc3 c6 7.
Be3 Be6 8. O-O-O+ Nd7 9. b3 Kc7 10. g3 g5 11. Bg2 h5 12. h4 g4 13. Nd2 Nh6 14. Bxh6 Bxh6 15. e3 f5 16. Kb1 a5 17.
Na4 e4 18. Kc2 Bg7 19. Nb1 b6 20. Nbc3 Ne5 21. Ne2 Nd3 22. Rhf1 Rhd8 23. Nf4 Nxf4 24. exf4 Rxd1 25. Rxd1 Bf6 26. Nc3 Rd8 27. Rxd8 Kxd8 28. Bf1 Bd4 29. Nd1 Kc7 30. Ne3 Kd6 31. a3 Kc5 32. Be2 b5 33. cxb5 cxb5 34. Nd1 a4 35.
b4+ Kb6 36. Nc3 Bb3+ 37. Kd2 Bxf2 38. Nxb5 Bxg3 39. Nd4 Bxf4+ 40. Kc3 Be5 41. Bc4 Bxd4+ 42. Kxd4 Bxc4 43. Kxc4 g3 44. Kd4 g2 45. Ke3 g1=Q+ 46. Kf4 Qg4+ 47. Ke5 e3 48. Kf6 e2 49. b5 e1=Q 50.
Kf7 Qe5 51. Kf8 Qgg7# 0-1

[Event "*** Titled Tuesday Blitz"]
[Site "Chess.com"]
[Date "2021.03.09"]
[Round "7"]
[White "zajka-molotok"]
[Black "muchojogo"]
[Result "1-0"]
[WhiteElo "2509"]
[BlackElo "2373"]
[TimeControl "180+1"]
[EndTime "11:21:03 PST"]
[Termination "zajka-molotok won by resignation"]

1. b4 e5 2. Bb2 Bxb4 3. Bxe5 Nf6 4. e3 d5 5. Nf3 O-O 6. Be2 c5 7. O-O Nc6 8. Bb2 Bf5 9. d3 Ba5 10. Nbd2 Bc7 11. c4 Bg6 12. Bxf6 gxf6 13. cxd5 Qxd5 14.
Qb3 Qd7 15. Rfd1 Rad8 16. Ne4 Bxe4 17. dxe4 Qe7 18. Bc4 Na5 19. Qc2 Rxd1+ 20. Rxd1 Rd8 21. Bd5 c4 22. Nd4 Qe5 23. f4 Qh5 24. Nf5 Bb6 25. Kh1 Nc6 26. g4 Qh3 27. Qe2 c3 28. Rc1 Ba5 29.
Rg1 Kf8 30. Rg3 c2 31. Qxc2 1-0